 Dungeon Crawl Stone Soup version 0.19.5 (webtiles) character file.

49 Scud the Ducker (level 3, -1/17 HPs)
             Began as a Felid Monk on Mar 17, 2017.
             Slain by an orc wizard
             ... wielding a +2 dagger of holy wrath
              (2 damage)
             ... on level 3 of the Dungeon.
             The game lasted 00:10:35 (2522 turns).

Scud the Ducker (Felid Monk)                        Turns: 2522, Time: 00:10:36

Health: -1/17      AC:  1    Str:  7    XL:     3   Next: 51%
Magic:  4/4        EV: 20    Int: 11    God:
Gold:   138        SH:  0    Dex: 19    Spells: 0 memorised, 2 levels left
                                        Lives:  0   Deaths: 0

rFire  . . .     SeeInvis +       - Unarmed
rCold  . . .     Gourm    .     (armour unavailable)
rNeg   . . .     Faith    .     (shield unavailable)
rPois  .         Spirit   .     (helmet unavailable)
rElec  .         Reflect  .     (cloak unavailable)
rCorr  .         Harm     .     (gloves unavailable)
MR     .....                    (boots unavailable)
Stlth  +++.......               f - amulet of rage
                                (no ring)
                                (no ring)

@: quick
A: no armour, no weapons or thrown items, stealth, claws 1, fangs 3, see
invisible, carnivore 3, speed 1, shaggy fur 1, slow metabolism 1, sharp paws
a: Evoke Berserk Rage


You were on level 3 of the Dungeon.
You were not hungry.

You visited 1 branch of the dungeon, and saw 3 of its levels.

You collected 138 gold pieces.

Inventory:

Jewellery
 d - an uncursed ring of positive energy {unknown}
 f - an amulet of rage (around neck)
Scrolls
 b - a scroll of remove curse
 c - 2 scrolls of random uselessness
Comestibles
 a - 2 meat rations


   Skills:
 + Level 3.4 Fighting
 + Level 4.4 Dodging
 * Level 4.1 Stealth
 + Level 3.3 Unarmed Combat


You had 2 spell levels left.
You didn't know any spells.

Dungeon Overview and Level Annotations

Branches:
Dungeon (3/15)

Altars:
Ashenzari
Elyvilon
Ru


Innate Abilities, Weirdness & Mutations

You cannot wear armour.
You are incapable of wielding weapons or throwing items.
Your paws allow you to move quietly. (Stealth)
You have sharp claws.
You have razor-sharp teeth.
You have supernaturally acute eyesight. (SInv)
You are carnivorous and can eat meat at any time.
You cover ground quickly.
You are covered in fur. (AC +1)
You have a slow metabolism.
Your sharp claws are effective at attacking unaware monsters.


Message History

You closely miss the orc wizard.
The orc wizard is lightly wounded.
You closely miss the orc. Your bite misses the orc.
The orc is heavily wounded.
The orc hits you with an enchanted dagger.
The orc wizard barely misses you.
You scratch the orc.
You kill the orc!
The orc wizard casts a spell.
The orc wizard seems to speed up.
You scratch the orc wizard.
The orc wizard is lightly wounded.
The orc wizard hits you with a dagger of holy wrath.
* * * LOW HITPOINT WARNING * * *
The orc wizard completely misses you.
You scratch the orc wizard.
The orc wizard is moderately wounded.
The orc wizard barely misses you.
The orc wizard hits you with a dagger of holy wrath.
You die...

.#####...##.# #..#
#######.......# #..#
..............###..#
.######........##..# .#
#........)...# .#
#........#..## .#
#.......#...# .#
###.......##o##
.####.####.#...#@######
#.##...##.............#
.##.....#..#%..#.####.#
##.........##.#...###.########
###.....##.##.................
####...###.####...###...######
...##.## #.# ##.## #...#
......# #.# #.# #...#
......####.# #. #..<#


You could see an orc wizard.

Vanquished Creatures
  An ooze (D:2)
  A dart slug (D:2)
  A leopard gecko (D:2)
  2 orcs
  3 bats
  2 giant cockroaches
  3 goblins
  6 hobgoblins
  4 jackals (D:2)
  A ball python (D:2)
  3 frilled lizards
  7 kobolds
  3 rats
37 creatures vanquished.

Vanquished Creatures (others)
  A quokka (D:2)
1 creature vanquished.

Grand Total: 38 creatures vanquished

Notes
Turn   | Place    | Note
-------+----------+-------------------------------------------
     0 | D:1      | Scud the Felid Monk began the quest for the Orb.
     0 | D:1      | Reached XP level 1. HP: 10/10 MP: 2/2
   668 | D:1      | Found a shattered altar of Ashenzari.
   749 | D:1      | Reached XP level 2. HP: 12/14 MP: 3/3
  1329 | D:2      | Found a white marble altar of Elyvilon.
  1621 | D:2      | Found a sacrificial altar of Ru.
  1634 | D:2      | Reached XP level 3. HP: 17/17 MP: 4/4
  2449 | D:3      | Noticed an orc warrior
  2522 | D:3      | Slain by an orc wizard

Skill      XL: |  1  2  3 |
---------------+----------+-----
Stealth        | 3 4 |  4.1
Fighting       | |  3.4
Dodging        | |  4.4
Unarmed Combat | |  3.3

Action                   || total
-------------------------++-------
Melee: Unarmed           ||   125
       Bite              ||    17
       Punch             ||     2
  Use: Scroll            ||     6
       Potion            ||     1
 Stab: Sleeping          ||     9
       Distracted        ||     1
  Eat: Chunk             ||     2
Armor: Skin              ||     7
Dodge: Dodged            ||    89
